 Dungeon Crawl Stone Soup version 0.30.1-3-gfc49f6343a (webtiles) character file.

Game seed: 12343258798890868366

44 shmup the Firebug (level 3, 0/19 HPs)
             Began as a Tengu Fire Elementalist on Aug 7, 2023.
             Succumbed to an adder's poison
             ... on level 1 of the Dungeon.
             The game lasted 00:03:25 (1421 turns).

shmup the Firebug (Tengu Fire Elementalist)         Turns: 1421, Time: 00:03:25

Health: 0/19       AC:  2    Str:  8    XL:     3   Next: 60%
Magic:  0/7        EV: 12    Int: 17    God:
Gold:   116        SH:  0    Dex: 14    Spells: 3/6 levels left

rFire   . . .        d - +0 dagger
rCold   . . .        (no shield)
rNeg    . . .        a - +0 robe
rPois   .            (helmet restricted)
rElec   .            (no cloak)
rCorr   .            (no gloves)
SInv    .            (boots unavailable)
Will    .....        (no amulet)
Stlth   ++           (no ring)
HPRegen 0.23/turn    (no ring)
MPRegen 0.10/turn

%: no passive effects
@: lethally poisoned (0 -> -6)
A: beak, talons 3
a: no special abilities


You were on level 1 of the Dungeon.
You visited 1 branch of the dungeon, and saw 2 of its levels.

You collected 116 gold pieces.

Inventory:

Hand Weapons
 d - a +0 dagger (weapon)
Missiles
 e - 23 stones (quivered)
Armour
 a - a +0 robe (worn)
Scrolls
 g - a scroll of torment {unknown}
 h - a scroll of enchant armour {unknown}
 i - a scroll of identify {unknown}
 k - a scroll of magic mapping {unknown}
Potions
 b - a potion of magic
 c - 2 potions of curing {unknown}
 f - 2 potions of berserk rage {unknown}
 j - a potion of brilliance {unknown}


   Skills:
 - Level 2.1 Dodging
 - Level 2.0 Stealth
 - Level 2.0 Spellcasting
 + Level 2.7 Conjurations
 * Level 4.5 Fire Magic


You had 3 spell levels left.
You knew the following spells:

 Your Spells              Type           Power      Damage    Failure   Level
a - Foxfire               Conj/Fire      56%        2x1d6     4%          1
b - Scorch                Fire           34%        2d6       4%          2

Your spell library contained the following spells:

 Spells                   Type           Power      Damage    Failure   Level
 Inner Flame              Hex/Fire       9%         N/A       22%         3
 Volatile Blastmotes      Fire/Tloc      18%        2d11      22%         3
 Flame Wave               Conj/Fire      14%        2d6       41%         4


Dungeon Overview and Level Annotations

Branches:
Dungeon (2/15) Zot: 10579

Altars:

Annotations:
D:2 Terence


Innate Abilities, Weirdness & Mutations

You have a beak for a mouth.
You have claws for feet.


Message History

You barely miss the adder.
The adder is heavily wounded.
The adder bites you.
* * * LOW HITPOINT WARNING * * *
The giant cockroach bites you.
* * * LOW HITPOINT WARNING * * *
The adder bites you.
* * * LOW HITPOINT WARNING * * *
The adder is no longer more vulnerable to fire.
The giant cockroach completely misses you.
The adder bites you.
* * * LOW HITPOINT WARNING * * *
You climb upwards.
Your magical contamination has completely faded away.
There is a stone staircase leading down here.
Unknown command.
Casting: Scorch (safe; 4% risk of failure)
Confirm with . or Enter, or press ? or * to list all spells.
Flames lash the giant cockroach.
The giant cockroach is almost dead.
The giant cockroach's fire resistance burns away.
The giant cockroach closely misses you. The adder misses you.
Unknown command.
Unknown command.
Casting: Scorch (safe; 4% risk of failure)
Confirm with . or Enter, or press ? or * to list all spells.
You don't have enough magic to cast this spell.
Unknown command.
You barely miss the giant cockroach.
The giant cockroach is almost dead.
The adder bites you.
* * * LOW HITPOINT WARNING * * *
You are lethally poisoned!
The adder poisons you! The giant cockroach misses you.
The adder completely misses you.
The giant cockroach bites you but does no damage.
You hit the adder but do no damage. Your kick misses the adder.
You peck the adder.
The adder is severely wounded.
You die...

.................▒
▒▒▒▒▒▒▒.▒▒▒▒▒▒▒▒.▒
▒▒▒▒▒▒▒..▒▒ ▒.▒
..........▒ ▒.▒
▒▒▒▒▒▒▒..▒▒ ▒.▒
▒..▒ ▒.▒
▒▒▒▒▒▒▒[.▒ ▒.▒
.........▒ ▒B▒
▒▒▒▒▒▒▒..▒ ▒Q▒
▒..▒ ▒▒▒▒S▒ ▒..▒
▒....▒ ▒▒▒▒▒▒▒..▒
▒.▒▒▒▒ .........▒
▒.▒ ▒▒▒▒▒▒▒..▒▒
▒.▒
..........▒▒▒.▒
▒.............▒
▒..▒▒▒▒▒▒.▒▒▒▒▒


You could see an adder and a giant cockroach (combustible).

Vanquished Creatures
  A worm (D:2)
  2 ball pythons (D:1)
  3 bats (D:1)
  An endoplasm (D:2)
  2 giant cockroaches (D:1)
  4 goblins
  5 hobgoblins (D:1)
  4 jackals (D:1)
  6 kobolds
  3 quokkas
  A frilled lizard (D:1)
  3 rats (D:1)
35 creatures vanquished.

Vanquished Creatures (others)
  67 foxfires
67 creatures vanquished.

Grand Total: 102 creatures vanquished

Notes
Turn   | Place    | Note
-------+----------+-------------------------------------------
     0 | D:1      | shmup the Tengu Fire Elementalist began the quest for the
                  | Orb.
     0 | D:1      | Reached XP level 1. HP: 10/10 MP: 4/4
   135 | D:1      | Reached XP level 2. HP: 15/15 MP: 3/6
   360 | D:1      | Reached skill level 4 in Fire Magic
   514 | D:1      | Reached XP level 3. HP: 16/19 MP: 2/7
   560 | D:1      | Learned a level 2 spell: Scorch
  1304 | D:2      | Noticed Terence
  1421 | D:1      | Succumbed to an adder's poison

Illustrated notes

Levels and vault maps discovered:
D:1:      dpeg_arrival_signposts, layout_loops_ring
D:2:      layout_loops_ring, serial_shops, nicolae_shop_just_a_little_nook,
          uniq_terence, uniq_jessica

Skill      XL: |  1  2 |
---------------+-------+-----
Conjurations   | 2 |  2.7
Fire Magic     | 4 |  4.5
Dodging        | |  2.1
Stealth        | |  2.0
Spellcasting   | |  2.0

Action                     || total
---------------------------++-------
  Melee: Unarmed           ||     3
         Kick              ||     2
         Dagger            ||    17
         Peck              ||     2
   Cast: Foxfire           ||    45
         Scorch            ||     6
 Armour: Robe              ||     9
  Dodge: Dodged            ||    35
